 Dungeon Crawl Stone Soup version 0.28.0-53-g5a82cb258f (webtiles) character file.

Game seed: 11283007530881467338

53 Revguard the Skirmisher (level 3, -1/29 HPs)
             Began as a Demonspawn Fighter on June 14, 2022.
             Slain by a gnoll
             ... wielding a +1 halberd of protection
              (8 damage)
             ... on level 2 of the Dungeon.
             The game lasted 00:04:27 (2416 turns).

Revguard the Skirmisher (Demonspawn Fighter)        Turns: 2416, Time: 00:04:27

Health: -1/29      AC: 10    Str: 18    XL:     3   Next: 62%
Magic:  3/3        EV:  7    Int:  9    God:
Gold:   63         SH:  4    Dex: 12    Spells: 2/2 levels left

rFire   . . .      SeeInvis .   a - +0 war axe
rCold   . . .      Faith    .   c - +0 buckler
rNeg    . . .      Spirit   .   i - +0 chain mail
rPois   .          Reflect  .   (helmet restricted)
rElec   .          Harm     .   g - +0 cloak
rCorr   .          Rampage  .   (no gloves)
Will    .....                   (no boots)
Stlth   ..........              (no amulet)
HPRegen 0.09/turn               (no ring)
MPRegen 0.08/turn               (no ring)

@: no status effects
A: horns 1
a: no special abilities


You were on level 2 of the Dungeon.
You visited 1 branch of the dungeon, and saw 3 of its levels.

You collected 63 gold pieces.

Inventory:

Hand Weapons
 a - a +0 war axe (weapon)
Armour
 c - a +0 buckler (worn)
 g - a +0 cloak (worn)
 i - a +0 chain mail (worn)
Scrolls
 j - a scroll of fog
 k - a scroll of silence {unknown}
 l - a scroll of teleportation {unknown}
Potions
 d - a potion of might
 e - a potion of curing
 f - a potion of attraction
 m - a potion of mutation {unknown}


   Skills:
 + Level 3.2 Fighting
 * Level 2.3 Axes
 * Level 3.1 Armour
 + Level 0.9 Dodging
 + Level 2.8 Shields
 + Level 1.0 Invocations
 + Level 0.5 Evocations


You had 2 spell levels left.
You didn't know any spells.
Your spell library contained the following spells:

 Spells                   Type           Power      Damage    Failure   Level
 Animate Skeleton         Necr           0%         N/A       100%        1
 Pain                     Necr           0%         1d4       100%        1
 Vampiric Draining        Necr           0%         2d6       100%        3


Dungeon Overview and Level Annotations

Branches:
Dungeon (3/15)

Altars:

Shops:
D:1 *


Innate Abilities, Weirdness & Mutations

You have a pair of small horns on your head.


Message History

You hit the frilled lizard.
You kill the frilled lizard!
You hit the goblin.
The goblin is moderately wounded.
The goblin hits you with a +0 club.
You slash the goblin!
You kill the goblin!
The endoplasm freezes you.
You are frozen.
You hit the endoplasm. You headbutt the endoplasm.
You kill the endoplasm!
Things that are here:
a +0 club; a frilled lizard corpse; a hobgoblin corpse A gnoll comes into view.
It is wielding a +1 halberd of protection. 3 gnolls come into view.
The gnoll shouts! x4
An endoplasm comes into view.
Things that are here:
a +0 club; a frilled lizard corpse; a hobgoblin corpse You see here a frilled lizard corpse.
There is a stone staircase leading up here.
Press: ? - help, v - describe, . - travel, g - get item
Here: a gnoll, wielding a +1 halberd of protection Item here: a frilled lizard corpse.
The floor.
A kobold comes into view. It is wielding a +0 club.
Found 16 gold pieces.
The gnoll barely misses you.
The gnoll hits you with a +1 halberd of protection!
* * * LOW HITPOINT WARNING * * *
There is a stone staircase leading up, spattered with blood here.
Okay, then.
The gnoll hits you with a +1 halberd of protection.
* * * LOW HITPOINT WARNING * * *
You climb upwards.
There is a stone staircase leading down here.
Okay, then.
You feel better.
The gnoll hits you with a +1 halberd of protection!
You die...

#.#.##.#####.###.###
#.#.##># #.# #.#
#.#.##.# #.# #.#
##.#.##.## #.# #.#
#....##..# #.# #.#
#........# #.# #.#
#....###.# #.# #.#
####.# #.# #.# #.#
#@# #.# #.# #.#
#g###.####.###.##
#..........##...##
#####.........#...
#.#######...## #.#
##.###
###.########.###
#<..............
#.#.########.###


You could see a gnoll.

Vanquished Creatures
  2 adders (D:2)
  2 bats (D:1)
  5 endoplasms
  3 giant cockroaches
  5 goblins
  2 hobgoblins
  5 ball pythons (D:1)
  2 frilled lizards (D:3)
  4 kobolds (D:1)
30 creatures vanquished.

Vanquished Creatures (others)
  2 plants (D:1)
2 creatures vanquished.

Grand Total: 32 creatures vanquished

Notes
Turn   | Place    | Note
-------+----------+-------------------------------------------
     0 | D:1      | Revguard the Demonspawn Fighter began the quest for the
                  | Orb.
     0 | D:1      | Reached XP level 1. HP: 18/18 MP: 1/1
   355 | D:1      | Gained mutation: You have a pair of small horns on your
                  | head. [demonic ancestry]
   355 | D:1      | Reached XP level 2. HP: 15/24 MP: 2/2
   664 | D:1      | Found Maomoul's General Store.
   981 | D:1      | Found a faded altar of an unknown god.
  1343 | D:2      | HP: 1/24 [poisoned by an adder]
  1344 | D:2      | Reached skill level 1 in Invocations
  1344 | D:2      | Reached XP level 3. HP: 2/29 MP: 3/3
  2416 | D:2      | Slain by a gnoll

Illustrated notes

Levels and vault maps discovered:
D:1:      scummos_arrival_star, layout_basic, serial_shops, shop_statue,
          dilly_ecumenical_altar_fadedgnrine, hex_large
D:2:      layout_loops_ring
D:3:      layout_loops_ring, nicolae_qazlal_scattered_showers, uniq_sigmund

Skill      XL: |  1  2  3 |
---------------+----------+-----
Axes           | 2 |  2.3
Invocations    | 1 |  1.0
Armour         | 3 |  3.1
Fighting       | |  3.2
Dodging        | |  0.9
Shields        | |  2.8
Evocations     | |  0.5

Action                   || total
-------------------------++-------
Melee: War axe           ||    94
       Headbutt          ||     8
  Use: Scroll            ||     2
       Potion            ||     2
Armor: Scale mail        ||    10
       Chain mail        ||    63
Dodge: Dodged            ||    41
Block: Buckler           ||    23
